AoeStats
← Blyad _Mann

Oasis

509073660Analyzed
4v4 RM · 7d ago on Sep 25, 2026· 39m 2s· 8 players
Game mode
Random Map
Map size
Large (8 player)
Population
200
Speed
Normal
Resources
Standard
Victory
Conquest
Starting age
Dark Age
Ending age
Imperial Age
RankedLock teamsTeams togetherTeam positionsShared explorationLock speedFull tech treeHidden civsTurbo modeCheats
Victory
Defeat
🇹🇼 Varangians · Taiwan
1075
+12
🇨🇳 Italians · China
1008
+14
🇹🇼 Ethiopians · Taiwan
968
+16
🇹🇼 Magyars · Taiwan
944
+16
🇪🇸 Poles · Spain
992
-16
🇳🇱 Varangians · Netherlands
985
-15
🇫🇷 Byzantines · France
962
-14
🇹🇼 Burgundians · Taiwan
930
-13
浅草带疏烟
13:12 Feudal Age
16:57 Castle Age
14:49 Double-Bit Axe
14:47 Horse Collar
15:24 Loom
15:42 Stone Mining
16:02 Gold Mining
25:01 Wheelbarrow
26:16 Heavy Plow
28:54 Thumb Ring
33:00 Imperial Age
30:42 Fletching
30:53 Padded Archer Armor
34:43 Chemistry
35:06 Bow Saw
35:25 Conscription
37:23 Ballistics
37:02 Bodkin Arrow
37:23 Leather Archer Armor
37:31 Hand Cart
Zain
6:26 Loom
9:15 Feudal Age
12:41 Double-Bit Axe
14:42 Horse Collar
16:57 Fletching
22:16 Castle Age
21:57 Padded Archer Armor
22:41 Crossbowman
23:29 Thumb Ring
23:25 Bodkin Arrow
23:31 Gold Mining
24:39 Leather Archer Armor
25:03 Ballistics
26:05 Wheelbarrow
26:35 Bow Saw
26:28 Heavy Plow
31:49 Imperial Age
31:31 Gold Shaft Mining
31:02 Stone Mining
32:42 Hand Cart
32:12 Arbalester
33:40 Bracer
34:45 Chemistry
39:24 Conscription
mj871231
12:02 Feudal Age
13:19 Double-Bit Axe
15:53 Castle Age
14:31 Horse Collar
17:36 Bow Saw
20:19 Loom
24:37 Wheelbarrow
26:41 Hand Cart
29:32 Gold Mining
29:50 Scale Barding Armor
32:23 Imperial Age
30:08 Forging
30:38 Bloodlines
30:29 Husbandry
31:08 Chain Barding Armor
32:38 Iron Casting
32:32 Cavalier
33:24 Caravan
34:05 Coinage
37:23 Blast Furnace
37:01 Plate Barding Armor
37:26 Blast Furnace
38:26 Vendel Legacy
39:27 Conscription
MessiahOVO
11:46 Feudal Age
12:22 Loom
12:59 Double-Bit Axe
18:12 Bloodlines
18:27 Scale Barding Armor
18:13 Fletching
22:00 Castle Age
19:56 Horse Collar
20:43 Gold Mining
22:51 Husbandry
23:28 Chain Barding Armor
24:31 Padded Archer Armor
25:04 Thumb Ring
28:16 Bodkin Arrow
28:52 Ballistics
35:44 Imperial Age
34:24 Leather Archer Armor
36:51 Conscription
36:46 Bracer
38:14 Chemistry
38:40 Recurve Bow
39:39 Parthian Tactics
Danzer
12:01 Feudal Age
10:16 Loom
14:16 Double-Bit Axe
14:12 Horse Collar
18:19 Castle Age
18:05 Forging
18:25 Scale Barding Armor
20:50 Bloodlines
22:33 Heavy Plow
23:44 Stone Mining
26:25 Stone Shaft Mining
26:56 Chain Barding Armor
28:49 Husbandry
28:13 Light Cavalry
29:55 Wheelbarrow
29:05 Town Watch
30:20 Gold Mining
31:37 Hand Cart
33:22 Town Patrol
36:54 Imperial Age
35:00 Szlachta Privileges
35:30 Ballistics
35:06 Murder Holes
35:21 Masonry
36:02 Fletching
36:48 Iron Casting
37:04 Cavalier
38:50 Chemistry
37:49 Bodkin Arrow
38:39 Conscription
38:04 Winged Hussar
39:06 Bracer
40:07 Blast Furnace
Blyad _Mann
0:27 Loom
12:39 Feudal Age
13:38 Double-Bit Axe
13:36 Horse Collar
20:28 Castle Age
19:03 Stone Mining
19:03 Gold Mining
22:48 Stone Shaft Mining
23:00 Bow Saw
24:26 Wheelbarrow
24:47 Heavy Plow
26:35 Hand Cart
32:55 Imperial Age
31:26 Scale Barding Armor
31:32 Forging
32:46 Chain Barding Armor
32:41 Vendel Legacy
33:23 Husbandry
33:11 Cavalier
34:01 Scale Mail Armor
35:17 Light Cavalry
唉呦我的媽
11:48 Feudal Age
15:57 Castle Age
14:03 Double-Bit Axe
15:00 Forging
15:46 Bow Saw
18:20 Horse Collar
21:22 Husbandry
21:32 Scale Barding Armor
22:01 Gold Mining
22:31 Heavy Plow
21:56 Cavalier
23:24 Gold Shaft Mining
24:06 Iron Casting
25:55 Chain Barding Armor
27:32 Crop Rotation
28:06 Two-Man Saw
30:45 Town Watch
33:13 Wheelbarrow
34:13 Hand Cart
38:07 Imperial Age
36:51 Stone Mining
37:54 Town Patrol
38:36 Stone Shaft Mining
37:49 Treadmill Crane
39:56 Blast Furnace
39:33 Plate Barding Armor
aegis38
3:58 Loom
12:05 Feudal Age
22:41 Castle Age
20:38 Double-Bit Axe
20:48 Horse Collar
22:47 Pikeman
26:15 Wheelbarrow
26:56 Fletching
27:38 Husbandry
28:52 Scale Barding Armor
30:16 Forging
31:26 Bodkin Arrow
37:50 Imperial Age
36:05 Bow Saw
36:56 Ballistics
36:28 Gold Mining
36:51 Elite Skirmisher
37:41 Padded Archer Armor
38:38 Leather Archer Armor
38:05 Onager
Connection lost

Rejoining the realm…

Still unreachable

The connection could not be restored.

Session expired

The server has moved on; the page needs a fresh start.